Map: Nightshade LE

Players

ChristianSC

  • Race: Terran Terran
  • League: Master
  • Spawn Location: 11:00

BewwyCwuncH - Winner!

  • Race: Terran Terran
  • League: Master
  • Spawn Location: 5:00

VOD

Have the link to the VOD?

Description

Time

  • Played on: Jan. 31, 2020, 3:04 a.m.
  • Length: 14:26
Show
View Real Time Build Order
Export as new Build Order

ChristianSC Terran 

Build Orders: Liberator Opening 

Get SALT Encoding   

  12  0:00  SCV  
  13  0:13  SCV  
  14  0:17  Supply Depot  
  14  0:25  SCV  
  15  0:39  SCV  
  16  0:43  Refinery  
  16  0:44  Refinery  
  16  0:51  SCV  
  16  0:55  Barracks  
  17  1:03  SCV  
  18  1:15  SCV  
  19  1:27  SCV  
  20  1:41  Orbital Command  
  20  1:43  Reaper  
  20  1:46  Factory  
  21  1:57  Supply Depot  
  21  2:09  SCV  
  21  2:15  Reaper  
  23  2:21  SCV  
  24  2:31  Hellion  
  24  2:32  Starport  
  24  2:33  SCV  
  27  2:41  Supply Depot  
  27  2:49  SCV  
  28  2:52  Barracks Reactor  
  28  2:53  Hellion  
  30  3:11  Medivac  
  32  3:14  Hellion  
  32  3:16  Supply Depot  
  34  3:29  Marine x2  
  34  3:31  Command Center  
  36  3:43  Liberator  
  36  3:47  Factory Tech Lab  
  36  3:48  Marine x2  
  40  3:54  Supply Depot  
  41  4:06  Cyclone, Marine x2  
  43  4:23  Marine  
  43  4:24  Marine  
  33  4:39  Starport Tech Lab  
  33  4:41  Marine x2  
  33  4:42  SCV  
  35  4:52  Siege Tank  
  38  4:56  SCV  
  38  4:59  Marine x2  
  41  5:08  SCV  
  42  5:17  Marine x2  
  42  5:20  SCV  
  42  5:27  Barracks  
  42  5:28  Barracks  
  45  5:35  Marine x2  
  47  5:38  SCV  
  47  5:42  Orbital Command  
  48  5:49  Siege Tank  
  51  5:52  Marine  
  51  5:53  Marine  
  50  6:10  Marine x2  
  52  6:13  SCV x2  
  52  6:14  Barracks Tech Lab  
  52  6:15  Barracks Reactor  
  54  6:23  Siege Tank  
  54  6:25  SCV x2  
  59  6:34  Stimpack, Marine  
  59  6:35  Marine x2  
  62  6:54  Starport Reactor, Marine x4  
  62  6:55  Siege Tank  
  62  6:56  SCV  
  70  7:05  Supply Depot  
  70  7:06  Command Center  
  70  7:15  Supply Depot  
  70  7:17  Marine x2  
  70  7:18  SCV, Marine x2  
  71  7:32  Marine, Siege Tank  
  71  7:35  Marine  
  76  7:39  Medivac x2  
  79  7:58  Marine x5  
  81  8:00  Command Center  
  84  8:08  Supply Depot  
  84  8:09  Medivac  
  84  8:11  Supply Depot  
  86  8:13  Combat Shield  
  86  8:21  Supply Depot  
  86  8:22  SCV x2, Medivac, Marine  
  86  8:26  Engineering Bay  
  91  8:28  Engineering Bay  
  83  8:51  Marine x5  
  85  9:09  Marine x4  
  72  9:31  Marine x5  
  77  9:40  Siege Tank  
  77  9:44  Supply Depot x2  
  76  9:46  Supply Depot  
  76  9:49  Marine x5  
  62  10:01  Orbital Command  
  62  10:05  Barracks  
  62  10:06  Terran Infantry Weapons Level 1, Terran Infantry Armor Level 1  
  62  10:07  Barracks  
  62  10:11  Marine x5  
  67  10:14  Medivac  
  67  10:16  Refinery  
  67  10:17  Refinery  
  67  10:18  SCV  
  70  10:25  SCV  
  71  10:29  Marine x2  
  71  10:30  SCV  
  74  10:37  SCV x2  
  74  10:40  Marine x2  
  78  10:56  Marine x2  
  80  10:59  Barracks Reactor x2  
  80  11:01  SCV x2  
  80  11:03  Marine x2  
  80  11:04  Orbital Command  
  84  11:12  Marine  
  84  11:14  Marine x2  
  84  11:16  SCV x2  
  84  11:18  Medivac  
  91  11:21  Marine  
  92  11:30  Marine x2  
  92  11:31  SCV x2  
  92  11:32  Marine x2  
  98  11:43  Marine x5  
  100  11:48  Marine x2  
  100  11:51  Siege Tank  
  105  12:04  Marine x7  
  103  12:14  Marine x2  
  99  12:16  SCV x2  
  99  12:17  SCV  
  99  12:21  Marine x2  
  104  12:25  Marine x4  
  104  12:27  Siege Tank  
  111  12:36  Marine x3  
  114  12:37  SCV x3  
  114  12:39  Marine  
  114  12:49  Armory, SCV, Marine x4  
  115  12:53  Sensor Tower  
  115  12:55  Medivac  
  117  12:59  Siege Tank  
  117  13:04  Factory  
  120  13:08  SCV x3  
  123  13:13  Refinery  
  123  13:14  Refinery  
  123  13:17  Marine x4  
  123  13:19  Marine x2  
  127  13:20  Medivac, Marine x2  
  127  13:23  SCV x3  
  127  13:25  Medivac  
  138  13:27  Marine  
  139  13:35  Marine x2  
  100  14:19  Factory Tech Lab  
Show
View Real Time Build Order
Export as new Build Order

BewwyCwuncH Terran - Winner!

Build Orders:  

Get SALT Encoding   

  12  0:01  SCV  
  13  0:16  SCV  
  13  0:17  Supply Depot  
  14  0:28  SCV  
  15  0:32  Refinery  
  15  0:40  SCV  
  16  0:44  Barracks  
  16  0:56  SCV  
  17  0:57  Refinery  
  17  1:08  SCV  
  18  1:20  SCV  
  20  1:37  Reaper  
  20  1:38  Orbital Command  
  20  1:39  Factory  
  20  1:54  Supply Depot  
  20  2:07  SCV  
  21  2:09  Reaper  
  22  2:19  SCV  
  23  2:23  Hellion  
  25  2:31  Command Center  
  25  2:32  SCV  
  26  2:38  Supply Depot  
  26  2:44  Reaper  
  27  2:45  Hellion  
  27  2:47  SCV  
  30  2:54  Starport  
  30  3:06  SCV  
  30  3:10  Factory Tech Lab  
  31  3:16  Barracks Reactor  
  31  3:19  SCV  
  32  3:31  SCV  
  33  3:37  Cyclone  
  36  3:43  SCV  
  36  3:44  Orbital Command  
  36  3:45  Viking, Refinery  
  39  3:52  Marine x2  
  39  3:55  SCV  
  42  4:07  SCV  
  42  4:09  Marine  
  43  4:10  Marine  
  43  4:18  Engineering Bay  
  43  4:19  SCV  
  42  4:27  Marine x2  
  41  4:31  SCV  
  39  4:41  Siege Tank  
  39  4:43  SCV  
  39  4:45  Marine  
  43  4:47  SCV  
  43  4:52  Supply Depot, Marine  
  45  4:59  SCV  
  47  5:01  SCV  
  47  5:06  Supply Depot  
  48  5:11  SCV  
  48  5:13  SCV  
  47  5:23  SCV, Siege Tank  
  51  5:28  SCV  
  51  5:35  Viking x2, SCV  
  56  5:37  Marine  
  56  5:41  SCV  
  59  5:47  SCV, Supply Depot  
  60  5:53  SCV  
  61  6:05  Viking  
  61  6:08  Viking, Siege Tank  
  61  6:10  Marine  
  61  6:11  SCV x2  
  69  6:23  SCV x2  
  71  6:25  Supply Depot  
  71  6:27  Marine  
  72  6:35  SCV  
  73  6:40  Siege Tank  
  73  6:55  Viking x2  
  73  6:56  SCV x2  
  73  6:59  Barracks Tech Lab  
  73  7:00  Command Center  
  79  7:04  Refinery  
  79  7:12  SCV x2, Siege Tank  
  79  7:15  Supply Depot  
  82  7:30  Liberator  
  82  7:36  Liberator  
  88  7:44  Marine, Siege Tank  
  90  7:53  Stimpack  
  90  7:57  SCV x2  
  92  7:58  Engineering Bay  
  92  7:59  Barracks x2  
  92  8:00  Supply Depot  
  92  8:02  Marine  
  93  8:19  SCV, Orbital Command, Marine  
  94  8:21  SCV  
  94  8:22  Supply Depot  
  94  8:24  Medivac x2  
  100  8:28  Siege Tank  
  97  9:00  Siege Tank  
  97  9:04  Barracks Reactor  
  97  9:06  Barracks Reactor  
  97  9:07  Medivac x2  
  101  9:10  Terran Infantry Weapons Level 1  
  101  9:12  Barracks  
  101  9:13  Barracks  
  101  9:16  Marine  
  98  9:26  Orbital Command  
  98  9:29  Terran Infantry Armor Level 1  
  89  9:32  Siege Tank  
  89  9:33  SCV x2, Supply Depot  
  89  9:34  Supply Depot x2, Marine  
  90  9:51  Marine  
  84  9:59  Marine  
  69  10:00  Barracks Reactor, Marine x2  
  69  10:01  Barracks Reactor, Marine  
  69  10:04  SCV, Siege Tank  
  69  10:06  SCV x2  
  79  10:09  Marine  
  80  10:16  SCV  
  80  10:17  Marine x2  
  80  10:18  SCV x2, Marine  
  80  10:19  Marine  
  87  10:27  Marine  
  88  10:28  Sensor Tower  
  88  10:29  SCV  
  88  10:30  SCV  
  88  10:31  SCV  
  88  10:32  Supply Depot  
  88  10:33  Supply Depot  
  88  10:34  Combat Shield  
  88  10:35  Marine x3  
  91  10:37  Marine  
  91  10:42  SCV  
  96  10:45  Marine  
  96  10:46  Armory, Marine x3  
  96  10:47  Marine  
  101  10:53  Marine x3  
  101  10:55  Marine  
  105  10:58  SCV  
  105  10:59  SCV  
  105  11:03  Marine  
  105  11:04  Marine x3  
  108  11:05  Marine  
  108  11:06  Refinery, Factory  
  108  11:07  Refinery  
  108  11:10  Siege Tank  
  108  11:11  Marine x3  
  115  11:12  Marine  
  115  11:16  Medivac  
  121  11:18  Medivac  
  121  11:20  Marine  
  121  11:22  Marine x4  
  128  11:29  Marine x3  
  130  11:38  Marine  
  130  11:39  Marine x3  
  128  11:42  Siege Tank  
  128  11:43  Terran Infantry Armor Level 2, Terran Infantry Weapons Level 2  
  128  11:46  Marine  
  115  11:50  SCV x2  
  115  11:52  Terran Vehicle Weapons Level 1  
  113  11:55  Marine  
  113  11:57  Marine x2  
  113  11:58  Viking x2  
  118  12:05  SCV x2  
  116  12:10  Factory Tech Lab  
  116  12:13  SCV  
  113  12:17  SCV  
  113  12:21  SCV  
  115  12:26  SCV  
  115  12:28  Siege Tank  
  115  12:29  Marine  
  119  12:34  SCV x2  
  119  12:36  Marine x3  
  125  12:38  SCV, Marine x2  
  125  12:39  Marine  
  129  12:45  Marine x2  
  129  12:47  Marine  
  129  12:48  Medivac  
  134  12:54  Marine x3  
  134  12:57  Marine  
  134  12:58  Marine  
  139  13:00  Marine  
  139  13:01  Siege Tank  
  139  13:02  Marine  
  139  13:03  Marine  
  139  13:04  Siege Tank  
  148  13:08  Medivac  
  150  13:15  Marine  
  150  13:16  Marine x5  
  150  13:18  Medivac  
  158  13:21  Supply Depot  
  158  13:25  Supply Depot  
  158  13:31  Marine x3  
  158  13:33  Marine  
  158  13:34  Supply Depot  
  162  13:37  Siege Tank  
  165  13:42  Marine  
  157  14:00  Marine x3  
  144  14:03  Marine  
  144  14:04  Marine  
  144  14:05  Marine x2  
  148  14:10  Command Center  
Tags
 
Add a new tag
Caveats
  • Supply blocks, unpowered buildings, or Contaminate may cause inaccurate times.
  • Supply counts are checked every 10 seconds.